 Dungeon Crawl Stone Soup version 0.28-a0-1510-gd0f6b136d3 (webtiles) character file.

Game seed: 11624868902119693623

7409 voltaire321 the Digger (level 11, -3/74 HPs)
             Began as an Octopode Earth Elementalist on Jan 15, 2022.
             Was a Believer of Sif Muna.
             Killed from afar by a catoblepas (7 damage)
             ... with a blast of calcifying dust
             ... on level 10 of the Dungeon.
             The game lasted 00:35:56 (13675 turns).

voltaire321 the Digger (OpEE)                      Turns: 13675, Time: 00:35:56

Health: -3/74      AC:  5    Str:  8    XL:     11   Next: 14%
Magic:  17/20      EV: 15    Int: 22    God:    Sif Muna [**....]
Gold:   386        SH:  5    Dex: 12    Spells: 17/23 levels left

rFire   + . .      SeeInvis .   H - +2 short sword (holy)
rCold   + . .      Faith    .   (no shield)
rNeg    . . .      Spirit   .   (helmet restricted)
rPois   +          Reflect  +   p - amulet of reflection
rElec   .          Harm     .   w - +4 ring of protection
rCorr   .          Rampage  .   z - ring of protection from cold
Will    .....                   B - ring of poison resistance
Stlth   +++.......              o - ring of protection from fire
HPRegen 0.22/turn               (no ring)
MPRegen 0.17/turn               (no ring)
                                (no ring)
                                (no ring)

@: no status effects
A: almost no armour, amphibious, 8 rings, camouflage 1, gelatinous body 1,
(nimble swimmer 1), tentacles
a: Renounce Religion, Channel Magic


You were on level 10 of the Dungeon.
You worshipped Sif Muna.
Sif Muna was pleased with you.
You visited 2 branches of the dungeon, and saw 11 of its levels.
You also visited: Sewer.

You collected 545 gold pieces.
You spent 159 gold pieces at shops.

Inventory:

Hand Weapons
 c - a +0 rapier
 D - a +2 antimagic short sword
 H - a +2 short sword of holy wrath (weapon)
Missiles
 b - 189 stones
 g - 2 throwing nets
 k - 11 poisoned darts
Jewellery
 l - an amulet of the acrobat
 o - a ring of protection from fire (on tentacle)
 p - an amulet of reflection (around mantle)
 w - a +4 ring of protection (left tentacle)
 z - a ring of protection from cold (right tentacle)
 B - a ring of poison resistance (on tentacle)
Wands
 q - a wand of iceblast (8)
 r - a wand of digging (6)
 E - a wand of polymorph (16)
 F - a wand of paralysis (11)
Scrolls
 f - 4 scrolls of teleportation
 i - 6 scrolls of identify
 m - 4 scrolls of blinking
 y - a scroll of silence
 C - 2 scrolls of fog
 G - a scroll of fear
Potions
 a - a potion of haste
 d - 2 potions of berserk rage
 e - a potion of magic
 h - a potion of flight
 j - a potion of resistance
 n - 7 potions of curing
 t - a potion of attraction {unknown}
 u - 4 potions of cancellation
 v - a potion of mutation
 x - a potion of heal wounds


   Skills:
 + Level 6.9 Fighting
 + Level 7.1 Dodging
 - Level 2.6 Stealth
 + Level 6.5 Spellcasting
 - Level 6.0 Conjurations
 - Level 4.0 Transmutations
 + Level 7.6 Earth Magic
 + Level 6.8 Invocations


You had 17 spell levels left.
You knew the following spells:

 Your Spells              Type           Power      Damage    Failure   Level
a - Sandblast             Erth           80%        2d17      1%          1
b - Passwall              Tmut/Erth      26%        N/A       1%          2
c - Stone Arrow           Conj/Erth      74%        3d11      1%          3

Your spell library contained the following spells:

 Spells                   Type           Power      Damage    Failure   Level
 Dazzling Flash           Conj/Hex       40%        N/A       8%          3
 Petrify                  Tmut/Erth      32%        N/A       8%          4
 Gell's Gravitas          Tloc           7%         N/A       26%         3
 Lesser Beckoning         Tloc           7%         N/A       26%         3
 Summon Guardian Golem    Hex/Summ       7%         N/A       26%         3
 Teleport Other           Tloc           7%         N/A       26%         3
 Agony                    Necr           7%         N/A       94%         5
 Silence                  Hex/Air        3%         N/A       94%         5
 Orb of Destruction       Conj           16%        9d7       99%         7
 Spellforged Servitor     Conj/Summ      10%        N/A       100%        7


Dungeon Overview and Level Annotations

Branches:
Dungeon (10/15)            Temple (1/1) D:4            Lair (0/6) D:10
  Sewer (visited)
    Orc: D:9-12

Altars:
Ashenzari
Cheibriados
Dithmenos
Elyvilon
Fedhas
Gozag
Hepliaklqana
Kikubaaqudgha
Makhleb
Nemelex Xobeh
Okawaru
Qazlal
Ru
Sif Muna
Trog
Uskayaw
Vehumet
Wu Jian
Xom
Yredelemnul
Zin
The Shining One

Shops:
D:6 [*   D:7 ?

Annotations:
D:2 Sigmund
D:3 1 runed translucent door, innerfire433's ghost, amateur DsCK
D:10 1 transporter, SensoryNuts's ghost, novice DsFi


Innate Abilities, Weirdness & Mutations

You cannot wear most types of armour.
You are amphibious.
You can wear up to eight rings at the same time.
Your skin changes colour to match your surroundings (Stealth+).
Your rubbery body absorbs attacks. (AC +1, EV +1)
((You are camouflaged when in or above water. (Stealth+)))
You have tentacles for arms and can constrict up to eight enemies at once.


Message History

The catoblepas gores you!
The catoblepas breathes a plume of calcifying dust at you.
The blast of calcifying dust hits you.
You see here a +0 ring mail.
Casting: Stone Arrow (safe; 1% risk of failure)
Confirm with . or Enter, or press ? or * to list all spells.
Aiming: Stone Arrow (safe; 1% risk of failure)
Press: ? - help, Shift-Dir - straight line, f/p - catoblepas
Aim: a catoblepas (calcifying dust, heavily wounded, 100% to hit)
The stone arrow hits the catoblepas!
The catoblepas is severely wounded.
Casting: Stone Arrow (safe; 1% risk of failure)
Confirm with . or Enter, or press ? or * to list all spells.
Aiming: Sandblast (safe; 1% risk of failure)
Press: ? - help, Shift-Dir - straight line, f/p - catoblepas
Aim: a catoblepas (severely wounded, 100% to hit)
The blast of sand hits the catoblepas but does no damage.
The catoblepas is severely wounded.
The catoblepas breathes a plume of calcifying dust at you.
The blast of calcifying dust hits you. The catoblepas gores you!
* * * LOW HITPOINT WARNING * * *
You feel much better. The catoblepas misses you.
Magic courses through your body. The catoblepas gores you!!
* * * LOW HITPOINT WARNING * * *
You feel much better. The catoblepas gores you!!
* * * LOW HITPOINT WARNING * * *
The catoblepas breathes a plume of calcifying dust at you.
The blast of calcifying dust hits you!
* * * LOW HITPOINT WARNING * * *
Casting: Sandblast (safe; 1% risk of failure)
Confirm with . or Enter, or press ? or * to list all spells.
Aiming: Stone Arrow (safe; 1% risk of failure)
Press: ? - help, Shift-Dir - straight line, f/p - catoblepas
Aim: a catoblepas (calcifying dust, heavily wounded, 100% to hit)
The stone arrow hits the catoblepas!
The catoblepas is severely wounded.
The catoblepas breathes a plume of calcifying dust at you.
The blast of calcifying dust hits you!
You die...

#.###.# #.#.###$##........
####.....#### #.#.#########.##..
............####.#.##._.# #.##..
##..###.###...##.#§##...####.##..
#.(#########......§.##.##....###.
..###y###.###.##.#§###'#.##### #.
#:##†y.#...##....Y.....#.# #.
#.##y#####.##..#§#[###.#.#######.
#.##...#...##...@..# #.#.........
#.#.#.#.#.#=#..##..# #.##########
#.#..#y..#.y#..##..# #.##########
.©#©.#.#.#.y#©.##..# #...........
#.#..#y..#.[#.###.## ############
#.#.#y#.#.#/#"###.#
#.##.y.#y..##.....#
.Y##.#!#.#.##.#####
..##/.y#y..##.#


You could see a catoblepas, a queen bee and a hornet.

Vanquished Creatures
  2 two-headed ogres
  Maggie (D:6)
  A hornet (D:8)
  The ghost of horus123 the Conjurer, an amateur DECj (D:5)
  A shadow (D:5)
  A wyvern (D:9)
  8 yaks
  A steam dragon (D:7)
  2 water moccasins
  Pargi (Sewer)
  3 black bears
  3 orc warriors
  3 ice beasts
  A sky beast (D:5)
  5 ogres
  A necrophage (D:8)
  5 centaurs
  A kobold brigand (D:7)
  3 bullfrogs
  4 scorpions
  A gnoll sergeant (D:9)
  A wyvern skeleton (D:7)
  A water moccasin skeleton (D:4)
  3 killer bees (D:10)
  A wight (D:10)
  7 centaur zombies
  2 bullfrog zombies
  An orc priest (D:4)
  2 centaur skeletons
  A bullfrog skeleton (D:4)
  4 orc wizards
  A howler monkey skeleton (D:6)
  9 gnolls
  2 adders
  A shadow imp (D:8)
  3 worms
  2 dart slugs
  14 orcs
  9 ball pythons
  3 bats (D:1)
  2 endoplasms
  7 giant cockroaches (D:4)
  6 goblins
  5 hobgoblins
  2 jackals (D:1)
  8 kobolds
  4 quokkas
  4 frilled lizards
  10 rats
164 creatures vanquished.

Vanquished Creatures (collateral kills)
  A killer bee (D:10)
1 creature vanquished.

Vanquished Creatures (others)
  8 fungi (D:10)
  8 plants (D:10)
16 creatures vanquished.

Grand Total: 181 creatures vanquished

Notes
Turn   | Place    | Note
-------+----------+-------------------------------------------
     0 | D:1      | voltaire321 the Octopode Earth Elementalist began the quest
                  | for the Orb.
     0 | D:1      | Reached XP level 1. HP: 11/11 MP: 3/3
   369 | D:1      | Reached XP level 2. HP: 18/18 MP: 1/5
   466 | D:1      | Found a faded altar of an unknown god.
   977 | D:1      | Reached XP level 3. HP: 22/22 MP: 6/6
  1094 | D:1      | Reached skill level 1 in Fighting
  1100 | D:1      | Learned a level 2 spell: Passwall
  1104 | D:1      | Learned a level 3 spell: Stone Arrow
  1401 | D:2      | Noticed Sigmund
  1535 | D:2      | Identified the +6 leather armour of a bailey {-Tele Harm
                  | Str-4 Dex+5}
  2226 | D:3      | Found a runed translucent door.
  2301 | D:3      | Noticed innerfire433's ghost (amateur DsCK)
  2376 | D:3      | Reached XP level 4. HP: 28/28 MP: 7/7
  2661 | D:4      | Found a glowing drain.
  2669 | Sewer    | Entered a sewer
  2934 | Sewer    | Noticed Pargi
  3149 | Sewer    | Killed Pargi
  3150 | Sewer    | Reached skill level 1 in Conjurations
  3150 | Sewer    | Reached XP level 5. HP: 21/34 MP: 0/9
  3482 | D:4      | Reached XP level 6. HP: 36/40 MP: 3/10
  4105 | D:4      | Found a staircase to the Ecumenical Temple.
  4112 | D:4      | Reached XP level 7. HP: 40/45 MP: 2/11
  4288 | Temple   | Entered the Ecumenical Temple
  4310 | Temple   | Became a worshipper of Sif Muna the Loreminder
  4458 | D:4      | Found a bloodstained altar of Trog.
  4585 | D:5      | Entered Level 5 of the Dungeon
  4635 | D:5      | Found a large runed translucent door.
  4635 | D:5      | Found a large runed translucent door.
  4740 | D:5      | Reached skill level 1 in Invocations
  4781 | D:5      | Noticed horus123's ghost (amateur DECj)
  5008 | D:5      | Noticed a shadow
  5639 | D:5      | Killed a shadow
  5640 | D:5      | Reached XP level 8. HP: 51/52 MP: 0/13
  5968 | D:5      | Killed horus123's ghost
  6656 | D:6      | Found Qeguaxig's Armour Shop.
  6698 | D:6      | Reached skill level 5 in Earth Magic
  6915 | D:6      | Noticed Maggie
  6917 | D:6      | Found Ysatroz's General Store.
  6927 | D:6      | HP: 2/54 [Maggie/bolt of fire (14)]
  6928 | D:6      | Killed Maggie
  6929 | D:6      | Reached XP level 9. HP: 2/58 MP: 1/15
  7227 | D:6      | Bought a scroll of teleportation for 45 gold pieces
  7596 | D:7      | Found a stormy altar of Qazlal.
  7610 | D:7      | Reached skill level 5 in Dodging
  7733 | D:7      | Reached * piety under Sif Muna
  7737 | D:7      | Found Xelylutz's Magic Scroll Shoppe.
  7866 | D:7      | Bought a scroll of blinking for 90 gold pieces
  7866 | D:7      | Bought a scroll of identify for 24 gold pieces
  8091 | D:7      | Found a blossoming altar of Fedhas.
  8227 | D:7      | Reached skill level 5 in Fighting
  8227 | D:7      | Reached skill level 5 in Spellcasting
  8389 | D:7      | Found a glowing golden altar of the Shining One.
  8522 | D:7      | Reached skill level 5 in Conjurations
  9025 | D:8      | Identified the +0 ring mail "Ecvosku" {Drain rPois Dex+3}
  9242 | D:8      | Noticed a two-headed ogre
  9247 | D:8      | Killed a two-headed ogre
  9248 | D:8      | Reached skill level 5 in Invocations
  9248 | D:8      | Reached XP level 10. HP: 67/67 MP: 4/18
 10276 | D:9      | Noticed a two-headed ogre
 10287 | D:9      | Killed a two-headed ogre
 11356 | D:10     | Entered Level 10 of the Dungeon
 11689 | D:10     | Found a staircase to the Lair.
 11802 | D:10     | Reached ** piety under Sif Muna
 11905 | D:10     | Found a glowing silver altar of Zin.
 11914 | D:10     | Found a transporter.
 11915 | D:10     | Found a transporter.
 11915 | D:10     | Noticed SensoryNuts's ghost (novice DsFi)
 12331 | D:10     | Reached XP level 11. HP: 74/74 MP: 10/20
 12392 | D:10     | Found an opulent altar of Gozag.
 12759 | D:10     | Noticed a catoblepas
 13675 | D:10     | Killed from afar by a catoblepas

Illustrated notes

Levels and vault maps discovered:
D:1:      dpeg_arrival_refuge, layout_loops_corners,
          ebering_ecumenical_altar_sacrificial
D:2:      layout_basic, kennysheep_generic_room_3, uniq_sigmund
D:3:      layout_rooms, ebering_ghost_sewer_d
D:4:      layout_basic, trog_antimagical, minmay_temple_entry_stoned_glass,
          gup_sewer_entry_pipe, fountainhead
D:5:      layout_gridville, ebering_ghost_disaster_area
D:6:      layout_loops_ring, serial_shops, nicolae_shop_trees,
          nicolae_lakefront_shop, chequers_serial_rivers_micro_c, uniq_maggie
D:7:      layout_basic, mainiacjoe_overflow_small_starburst,
          mainiacjoe_overflow_24_doors, mainiacjoe_overflow_tiny_flanked,
          serial_shops, nicolae_shop_stone
D:8:      layout_basic
D:9:      layout_irregular_city
D:10:     kennysheep_big_flooded_room, layout_loops_ring,
          pdpol_temple_overflow_zin_treasury_gozag_greed,
          grunt_lair_entry_orc_guard_hut, gammafunk_ghost_hive,
          kennysheep_generic_room_6
Temple:   nicolae_temple_elliptical

Skill      XL: |  1  2  3  4  5  6  7  8  9 10 11 |
---------------+----------------------------------+-----
Fighting       | 1 2 3 4 5 6 |  6.9
Conjurations   | 1 2 3 4 5 6 |  6.0
Transmutations | 2 3 4 |  4.0
Dodging        | 3 4 5 6 7 |  7.1
Spellcasting   | 3 4 5 6 |  6.5
Earth Magic    | 4 5 6 7 |  7.6
Invocations    | 2 3 5 6 |  6.8
Stealth        | |  2.6

Action                   |  1- 3 |  4- 6 |  7- 9 | 10-12 || total
-------------------------+-------+-------+-------+-------++-------
Melee: Short sword       |    61 |    45 |    71 |    36 ||   213
       Constrict         |    17 |    10 |     4 |     5 ||    36
       Tentacles         |    10 |     4 |    10 |     8 ||    32
       Punch             |     1 |       |       |     1 ||     2
 Cast: Sandblast         |    18 |    38 |    28 |    14 ||    98
       Stone Arrow       |       |     7 |    82 |    85 ||   174
Evoke: Wand              |       |       |     3 |       ||     3
  Use: Scroll            |       |       |    10 |    11 ||    21
       Potion            |       |       |       |     5 ||     5
 Stab: Sleeping          |    11 |     4 |     1 |     1 ||    17
       Distracted        |       |       |     1 |       ||     1
Armor: Skin              |     6 |     7 |    37 |    18 ||    68
Dodge: Dodged            |    48 |    55 |    57 |    80 ||   240
Block: Other             |       |     4 |    21 |    31 ||    56
       Reflection        |       |       |     1 |     1 ||     2

Table legend: (Time is in decaauts)
 A = Elapsed time spent in this place.
 B = Non-inter-level travel time spent in this place.
 C = Inter-level travel time spent in this place.
 D = Time resting spent in this place.
 E = Time spent auto-exploring this place.
 F = Levels seen in this place.
 G = Mean time per level.
                   A        B        C        D        E       F      G
               +--------+--------+--------+--------+--------+-----+--------+
         Total |  13676 |  12855 |    821 |   4517 |   5685 |  12 | 1139.7 |
       Dungeon |  12908 |  12087 |    821 |   4095 |   5564 |  10 | 1290.8 |
        Temple |    109 |    109 |      0 |      0 |     78 |   1 |  109.0 |
         Sewer |    658 |    658 |      0 |    422 |     43 |   1 |  658.0 |
               +--------+--------+--------+--------+--------+-----+--------+

Top non-repeatable levels by time:
    D:10: 1850 daAuts
     D:5: 1541 daAuts
     D:9: 1504 daAuts
     D:7: 1498 daAuts
     D:6: 1389 daAuts
     D:8: 1298 daAuts
     D:4: 1213 daAuts
     D:1: 1210 daAuts
     D:2: 924 daAuts
   Sewer: 658 daAuts
     D:3: 476 daAuts
  Temple: 109 daAuts
